 Dungeon Crawl Stone Soup version 0.24.0-123-gd5b16e6ec5 (webtiles) character file.

Game seed: 15696684341959722618, levelgen mode: deterministic

6346 Opti87 the Severer (level 10, 0/96 HPs)
             Began as a Hill Orc Monk on Dec 30, 2019.
             Was a Priest of Beogh.
             Killed by vampiric draining
             ... invoked by a vampire
              (8 damage)
             ... on level 9 of the Dungeon on Dec 31, 2019.
             The game lasted 00:42:08 (14459 turns).

Opti87 the Severer (Hill Orc Monk)                 Turns: 14459, Time: 00:42:09

Health: 0/96       AC: 15    Str: 18    XL:     10   Next: 96%
Magic:  10/10      EV:  7    Int: 10    God:    Beogh [***...]
Gold:   608        SH:  2    Dex: 17    Spells: 9/9 levels left

rFire    . . .     SeeInvis .   t - +0 battleaxe
rCold    . . .     Gourm    .   (shield currently unavailable)
rNeg     . . .     Faith    .   p - +1 plate armour
rPois    .         Spirit   .   H - +0 helmet
rElec    .         Reflect  +   S - +1 cloak {+Inv}
rCorr    .         Harm     .   O - +0 pair of gloves
MR       .....                  (no boots)
Stlth    ..........             k - +2 amulet of reflection
HPRegen  0.26/turn              (no ring)
MPRegen  0.12/turn              (no ring)

@: no status effects
A: thin skeletal structure 1, agile 1, MP-powered wands, sturdy frame 1
a: Smiting, Renounce Religion, Evoke Invisibility


You were on level 9 of the Dungeon.
You worshipped Beogh.
Beogh was most pleased with you.
You were not hungry.

You visited 1 branch of the dungeon, and saw 10 of its levels.

You collected 608 gold pieces.

Inventory:

Hand Weapons
 a - a +0 hand axe
 t - a +0 battleaxe (weapon)
 w - a +0 vampiric spear
Armour
 b - a +0 robe
 j - a +1 chain mail
 p - a +1 plate armour (worn)
 H - a +0 helmet (worn)
 O - a +0 pair of gloves (worn)
 S - a +1 cloak of invisibility (worn)
 T - a scarf of repulsion
 W - a +0 chain mail of poison resistance
Jewellery
 d - an uncursed ring of resist corrosion {unknown}
 g - an uncursed amulet of faith
 k - a +2 amulet of reflection (around neck)
 x - an uncursed ring of flight {unknown}
 B - an uncursed amulet of guardian spirit {unknown}
 D - a cursed ring of teleportation {unknown}
 F - an uncursed ring of protection from cold {unknown}
 R - an uncursed ring of wizardry
Wands
 u - a wand of iceblast (3)
 J - a wand of disintegration (4)
 M - a wand of flame (30)
Scrolls
 e - 6 scrolls of teleportation
 n - a scroll of enchant weapon {unknown}
 o - a scroll of fog
 r - a scroll of random uselessness {unknown}
 s - 3 scrolls of blinking {unknown}
 v - 3 scrolls of immolation {unknown}
 y - a scroll of enchant armour
 z - a scroll of magic mapping {unknown}
 A - 3 scrolls of remove curse {unknown}
 G - a scroll of summoning {unknown}
 K - a scroll of brand weapon {unknown}
 P - a scroll of fear {unknown}
 V - a scroll of identify {@r1}
Potions
 f - 2 potions of flight
 h - 2 potions of mutation
 i - a potion of brilliance {unknown}
 l - 2 potions of degeneration
 m - 2 potions of curing {@q1}
 q - a potion of magic {unknown}
 C - a potion of cancellation {unknown}
 E - a potion of resistance {unknown}
 I - a potion of haste {unknown}
 L - a potion of lignification {unknown}
 N - a potion of ambrosia {unknown}
 Q - a potion of heal wounds {unknown}
Comestibles
 c - 7 rations


   Skills:
 + Level 11.5 Fighting
 * Level 16.4 Axes
 - Level 2.5 Dodging
 - Level 1.5 Stealth


You had 9 spell levels left.
You didn't know any spells.
Your spell library contained the following spells:

 Spells                   Type           Power        Failure   Level  Hunger
 Confusing Touch          Hex            #.....       100%        1    ##.....
 Confuse                  Hex            #.......     100%        3    ####...
 Gell's Gravitas          Tloc           #.........   100%        3    ####...
 Petrify                  Tmut/Erth      #.......     100%        4    #####..
 Metabolic Englaciation   Hex/Ice        #.........   100%        5    ######.
 Yara's Violent Unravell  Hex/Tmut       #.........   100%        5    ######.


Dungeon Overview and Level Annotations

Branches:
Dungeon (10/15)            Temple (0/1) D:7            Lair (0/6) D:8
    Orc: D:9-12

Altars:
Elyvilon
Gozag

Shops:
D:10 (


Innate Abilities, Weirdness & Mutations

You have a somewhat thin skeletal structure. (Dex +2, Stealth)
You are agile. (Dex +2)
You expend magic power (3 MP) to strengthen your wands.
Your movements are slightly less encumbered by armour. (ER -2)


Message History

You hear some strange, mumbled words.
You are confused.
Are you sure you want to stumble around while confused and next to your ally the orc knight?
This could place you under penance!
Okay, then.
Are you sure you want to stumble around while confused and next to your ally the orc knight?
This could place you under penance! [Y]es or [N]o only, please.
Are you sure you want to stumble around while confused and next to your ally the orc knight?
This could place you under penance!
Okay, then.
You're too confused!
You feel better.
You fail to use your ability.
Something hits you!
* * * LOW HITPOINT WARNING * * *
Something bites you.
* * * LOW HITPOINT WARNING * * *
Something draws strength from your injuries!
Your orc knight hits something with a cursed -3 hand axe!!
Your orc knight closely misses something.
As you read the scroll of fog, it crumbles to dust.
The scroll dissolves into smoke.
Unholy energy fills the air.
You die...

..............................#
.........##########...........#
.........##########...........#
..............................#
....................>.........#
####..########................#
####..########.§§§§...........#
..)............§§§............#
...............§@{.o...>......#
...(...........§§§.##########.#
...................# #.#
...................# #.#
...................##########.#
..............................#
..............................#
##...#########................#
##...#########...##############


You could see a friendly orc knight.

Vanquished Creatures
  Harold (D:9)
  Pikel (D:9)
  A centaur zombie (D:10)
  A hornet (D:9)
  Prince Ribbit (D:5)
  A hippogriff (D:9)
  A steam dragon (D:9)
  Edmund (D:5)
  2 wargs (D:8)
  2 sky beasts
  2 ice beasts
  2 orc warriors (D:8)
  4 ogres
  4 centaurs
  A crocodile (D:7)
  4 bullfrogs
  Blork the orc (D:4)
  A gnoll sergeant (D:6)
  4 scorpions
  2 howler monkeys
  A bullfrog zombie (D:6)
  2 crimson imps (D:7)
  A jelly (D:7)
  6 hounds
  7 orc priests
  2 bullfrog skeletons
  A centaur skeleton (D:7)
  6 orc wizards
  Jessica (D:3)
  3 iguanas
  Natasha (twice) (D:3)
  5 worker ants
  A hound zombie (D:5)
  Robin (D:3)
  7 gnolls
  6 adders
  3 shadow imps
  An ooze (D:1)
  3 adder skeletons
  9 worms
  A dart slug (D:1)
  A leopard gecko (D:6)
  39 orcs
  A ball python (D:2)
  6 giant cockroaches
  15 goblins
  11 hobgoblins
  17 jackals
  6 quokkas
  6 bats
  4 frilled lizards
  A giant cockroach zombie (D:5)
  2 goblin zombies (D:6)
  A jackal skeleton (D:6)
  A jackal zombie (D:7)
  10 kobolds
  8 rats
235 creatures vanquished.

Vanquished Creatures (collateral kills)
  Fannar (D:10)
  A necrophage (D:8)
  An ogre (D:9)
  A worker ant (D:9)
  An iguana (D:9)
  An adder (D:8)
  A quokka (D:9)
7 creatures vanquished.

Vanquished Creatures (others)
  An orc (D:9)
  A plant (D:8)
2 creatures vanquished.

Grand Total: 244 creatures vanquished

Notes
Turn   | Place    | Note
-------+----------+-------------------------------------------
     0 | D:1      | Opti87 the Hill Orc Monk began the quest for the Orb.
     0 | D:1      | Reached XP level 1. HP: 19/19 MP: 1/1
   221 | D:1      | Reached XP level 2. HP: 26/27 MP: 2/2
  1709 | D:1      | Reached XP level 3. HP: 33/33 MP: 3/3
  1710 | D:1      | Reached skill level 5 in Axes
  2567 | D:2      | Reached XP level 4. HP: 32/41 MP: 4/4
  3137 | D:2      | Reached skill level 6 in Axes
  3565 | D:3      | Noticed Jessica
  3595 | D:3      | Noticed Robin
  3649 | D:3      | Reached XP level 5. HP: 24/47 MP: 5/5
  3656 | D:3      | Killed Robin
  3666 | D:3      | Killed Jessica
  3828 | D:3      | Reached skill level 5 in Fighting
  4065 | D:3      | Reached skill level 7 in Axes
  4181 | D:3      | Noticed Natasha
  4199 | D:3      | Killed Natasha
  4396 | D:3      | Reached XP level 6. HP: 41/56 MP: 6/6
  4634 | D:3      | Noticed Natasha
  4643 | D:3      | Killed Natasha
  4919 | D:3      | Noticed a sky beast
  4959 | D:4      | Found an opulent altar of Gozag.
  5032 | D:4      | Found a white marble altar of Elyvilon.
  5351 | D:4      | Reached skill level 8 in Axes
  5553 | D:4      | Gained mutation: Your movements are slightly less
                  | encumbered by armour. (ER -2) [potion of mutation]
  5553 | D:4      | Gained mutation: You expend magic power (3 MP) to
                  | strengthen your wands. [potion of mutation]
  5553 | D:4      | Gained mutation: You are agile. (Dex +2) [potion of
                  | mutation]
  5553 | D:4      | Gained mutation: You evolve. [potion of mutation]
  6332 | D:5      | Entered Level 5 of the Dungeon
  6333 | D:5      | Noticed Blork the orc
  6369 | D:5      | Noticed Edmund
  6369 | D:5      | Noticed Prince Ribbit
  6437 | D:5      | Reached XP level 7. HP: 47/63 MP: 7/7
  6663 | D:4      | Killed Blork the orc
  6663 | D:4      | Reached skill level 9 in Axes
  6851 | D:4      | Gained mutation: You have a somewhat thin skeletal
                  | structure. (Dex +2, Stealth) [evolution]
  6851 | D:4      | Lost mutation: You evolve. [end of evolution]
  7265 | D:5      | Killed Prince Ribbit
  7265 | D:5      | Reached skill level 10 in Axes
  7519 | D:5      | Killed Edmund
  7519 | D:5      | Reached XP level 8. HP: 66/73 MP: 8/8
  8110 | D:5      | Reached skill level 11 in Axes
  9439 | D:6      | Reached skill level 12 in Axes
  9439 | D:6      | Reached XP level 9. HP: 68/82 MP: 9/9
 10333 | D:7      | Became a worshipper of Beogh the Brigand
 10333 | D:7      | Reached * piety under Beogh
 10333 | D:7      | Reached ** piety under Beogh
 10384 | D:7      | Reached skill level 13 in Axes
 11031 | D:7      | Found a staircase to the Ecumenical Temple.
 11836 | D:8      | Reached skill level 14 in Axes
 12162 | D:8      | Identified the +0 leather armour of Servitude {+Blink rElec
                  | Regen+ Stlth-}
 12177 | D:8      | Reached *** piety under Beogh
 12180 | D:8      | Reached skill level 10 in Fighting
 12191 | D:8      | Reached XP level 10. HP: 29/93 MP: 10/10
 12955 | D:9      | Noticed Pikel
 13098 | D:8      | Found a staircase to the Lair.
 13271 | D:9      | Reached skill level 15 in Axes
 13729 | D:9      | Killed Pikel
 13916 | D:9      | Noticed Harold
 13930 | D:9      | Killed Harold
 14126 | D:10     | Entered Level 10 of the Dungeon
 14152 | D:10     | Found Ihaereun's Weapon Boutique.
 14188 | D:10     | Noticed Fannar
 14189 | D:10     | Reached skill level 16 in Axes
 14216 | D:10     | Killed Fannar
 14459 | D:9      | Killed from afar by a vampire

Levels and vault maps discovered:
D:1:      lemuel_arrival_lava_pool, layout_basic
D:2:      layout_basic, serial_curves, eino_curves_02, eino_curves_03
D:3:      layout_basic, uniq_robin, uniq_natasha, uniq_jessica
D:4:      layout_basic, old_standard_altar, elyvilon_altar_4
D:5:      layout_rooms, first_ration, uniq_blork_the_orc, uniq_prince_ribbit1,
          uniq_edmund
D:6:      layout_basic, enter_ossuary_4
D:7:      layout_rooms, minmay_temple_entry_statues_fountains, st_stairs_4
D:8:      layout_basic, erik_lair_orcish_takeover
D:9:      layout_long_grid, uniq_pikel, uniq_harold
D:10:     layout_loops_cross, serial_shops, shop, uniq_erica, uniq_fannar

Skill      XL: |  1  2  3  4  5  6  7  8  9 10 |
---------------+-------------------------------+-----
Fighting       | 4 5 6 7 8 10 11 | 11.5
Axes           | 5 6 7 8 10 12 14 16 | 16.4
Dodging        | |  2.5
Stealth        | |  1.5

Action                   |  1- 3 |  4- 6 |  7- 9 | 10-12 || total
-------------------------+-------+-------+-------+-------++-------
Melee: Hand axe          |   155 |   296 |    12 |       ||   463
       Battleaxe         |       |       |   361 |   115 ||   476
Invok: Convert to Beogh  |       |       |     1 |       ||     1
Evoke: Wand              |       |     6 |     3 |     1 ||    10
  Use: Scroll            |     2 |     5 |     4 |     1 ||    12
       Potion            |     1 |     5 |     1 |     1 ||     8
 Stab: Distracted        |       |       |       |     2 ||     2
  Eat: Ration            |     1 |     2 |     3 |     2 ||     8
       Chunk             |     2 |     7 |     6 |     3 ||    18
Armor: Robe              |    12 |       |       |       ||    12
       Chain mail        |   101 |   128 |       |       ||   229
       Plate armour      |       |    12 |   216 |    71 ||   299
Dodge: Dodged            |    93 |    81 |   115 |    40 ||   329
Block: Other             |       |    24 |    28 |     4 ||    56
       Reflection        |       |       |     2 |       ||     2
